 Dungeon Crawl Stone Soup version 0.26.1-2-gb8aa6d0cf2 (webtiles) character file.

Game seed: 5039765851360224384

338 Groucho the Covert (level 6, 0/28 HPs)
             Began as a Spriggan Enchanter on Feb 22, 2021.
             Was an Initiate of Kikubaaqudgha.
             Slain by an ogre
             ... wielding a +0 giant spiked club
              (28 damage)
             ... on level 4 of the Dungeon.
             The game lasted 00:15:30 (10518 turns).

Groucho the Covert (Spriggan Enchanter)            Turns: 10518, Time: 00:15:30

Health: 0/28       AC:  2    Str:  6    XL:     6   Next: 29%
Magic:  7/11       EV: 18    Int: 16    God:    Kikubaaqudgha [......]
Gold:   155        SH:  0    Dex: 17    Spells: 1/10 levels left

rFire    . . .     SeeInvis +   a - +1 dagger
rCold    . . .     Faith    .   (shield restricted)
rNeg     . . .     Spirit   .   b - +0 robe
rPois    .         Reflect  .   (helmet restricted)
rElec    .         Harm     .   (no cloak)
rCorr    .         Rampage  .   (gloves unavailable)
Will     +....                  (boots unavailable)
Stlth    +++++.....             i - amulet of regeneration
HPRegen  0.49/turn              (no ring)
MPRegen  0.12/turn              (no ring)

@: very quick
A: very small, unfitting armour, see invisible, speed 3
a: Renounce Religion


You were on level 4 of the Dungeon.
You worshipped Kikubaaqudgha.
Kikubaaqudgha was noncommittal.
You visited 2 branches of the dungeon, and saw 6 of its levels.

You collected 155 gold pieces.

Inventory:

Hand Weapons
 a - a +1 dagger (weapon)
Missiles
 e - 149 stones (quivered)
 p - 4 curare-tipped darts
Armour
 b - a +0 robe (worn)
Jewellery
 i - an amulet of regeneration (around neck)
Scrolls
 d - 4 scrolls of remove curse {unknown}
 f - a scroll of enchant armour {unknown}
 g - a scroll of identify {unknown}
 j - 2 scrolls of amnesia {unknown}
 k - a scroll of noise {unknown}
 l - a scroll of blinking {unknown}
 n - a scroll of magic mapping {unknown}
 o - 2 scrolls of teleportation {unknown}
Potions
 c - 2 potions of curing {unknown}
 h - a potion of cancellation {unknown}
 m - a potion of degeneration {unknown}
 q - a potion of brilliance {unknown}


   Skills:
 - Level 1.1 Short Blades
 - Level 3.0 Dodging
 + Level 10.9 Stealth
 - Level 2.6 Spellcasting
 - Level 3.6 Hexes


You had one spell level left.
You knew the following spells:

 Your Spells              Type           Power        Failure   Level
a - Corona                Hex            14%          4%          1
b - Ensorcelled Hibernat  Hex/Ice        14%          14%         2
c - Confusing Touch       Hex            13%          13%         3
d - Dazzling Flash        Conj/Hex       14%          28%         3

Your spell library contained the following spells:

 Spells                   Type           Power        Failure   Level
 Shock                    Conj/Air       8%           19%         1
 Tukima's Dance           Hex            13%          13%         3
 Swiftness                Air            2%           28%         2
 Static Discharge         Conj/Air       2%           50%         3
 Airstrike                Air            1%           88%         4
 Lightning Bolt           Conj/Air       1%           99%         5


Dungeon Overview and Level Annotations

Branches:
Dungeon (5/15)             Temple (1/1) D:4

Altars:
Cheibriados
Gozag
Hepliaklqana
Kikubaaqudgha
Qazlal
Ru
Trog
Uskayaw
Vehumet
Xom
Yredelemnul

Annotations:
D:1 Crazy Yiuf


Innate Abilities, Weirdness & Mutations

You are very small and have problems with some larger weapons.
You are too small for most types of armour.
You have supernaturally acute eyesight. (SInv)
You cover ground extremely quickly.


Message History

You start resting.
A centaur is nearby!
A centaur is nearby!
A centaur is nearby!
A centaur is nearby!
You start resting.
Your magical contamination has completely faded away.
You start resting.
A centaur is nearby!
A centaur is nearby!
There is a stone staircase leading up here.
You start resting.
A centaur is nearby!
A centaur is nearby!
A centaur is nearby!
You climb upwards.
The ogre closely misses you.
The ogre hits you with a +0 giant spiked club!!
Ouch! That really hurt!
You die...
Kikubaaqudgha rasps: "You have failed me!
Welcome... death!"

.....# ##.........####
##.##.# #.............#
#...#.# #..........####
#...#.# #...[......#
#...#.# #...^......#
#...#.# #..#.###...#
#...#.# #..#....#.##
#...#.###.O####.#.######
#.......#@.............##
#.#.#.#.##.###......##..##
#.#<..#.##.# #......###.##
#.#.###....# ####.### #[#.
#.#........# #.# #)#.
...........# #.# #...
#..........# #.######..
###......#.# #.........
#......#.. #######...


You could see an ogre.

Vanquished Creatures
  2 orc priests (D:3)
  An orc wizard (D:3)
  Jessica (D:3)
  4 gnolls (D:2)
  6 adders
  2 oozes (D:1)
  An adder skeleton (D:4)
  6 worms
  A dart slug (D:1)
  4 leopard geckos
  10 orcs
  A ball python (D:1)
  3 giant cockroaches
  10 goblins
  14 hobgoblins
  4 jackals
  7 kobolds
  7 bats
  3 frilled lizards
  5 rats (D:1)
  A spectral orc (D:3)
93 creatures vanquished.

Notes
Turn   | Place    | Note
-------+----------+-------------------------------------------
     0 | D:1      | Groucho the Spriggan Enchanter began the quest for the Orb.
     0 | D:1      | Reached XP level 1. HP: 9/9 MP: 5/5
   891 | D:1      | Reached skill level 5 in Stealth
  1327 | D:1      | Reached XP level 2. HP: 13/13 MP: 6/6
  1330 | D:1      | Learned a level 2 spell: Ensorcelled Hibernation
  2257 | D:1      | Reached skill level 6 in Stealth
  2520 | D:1      | Reached XP level 3. HP: 16/16 MP: 0/8
  3450 | D:1      | Reached skill level 7 in Stealth
  4093 | D:2      | Reached XP level 4. HP: 21/21 MP: 4/9
  4506 | D:2      | Reached skill level 8 in Stealth
  5110 | D:2      | Learned a level 3 spell: Confusing Touch
  5484 | D:2      | Found a runed translucent door.
  5485 | D:2      | Noticed Crazy Yiuf
  7367 | D:3      | Reached skill level 9 in Stealth
  7367 | D:3      | Reached XP level 5. HP: 24/24 MP: 7/10
  8201 | D:3      | Reached skill level 10 in Stealth
  8602 | D:3      | Reached XP level 6. HP: 19/28 MP: 6/11
  8853 | D:3      | Noticed Jessica
  8861 | D:3      | Killed Jessica
  9306 | D:3      | Found a basalt altar of Yredelemnul.
  9496 | D:4      | Learned a level 3 spell: Dazzling Flash
  9589 | D:5      | Entered Level 5 of the Dungeon
  9924 | D:4      | Found a staircase to the Ecumenical Temple.
  9934 | Temple   | Entered the Ecumenical Temple
 10393 | Temple   | Became a worshipper of Kikubaaqudgha
 10518 | D:4      | Slain by an ogre

Illustrated notes

Levels and vault maps discovered:
D:1:      minmay_arrival_doors, layout_loops_corners
D:2:      layout_rooms, roderic_roman_lattice, hex_intersection,
          kennysheep_generic_room_7, uniq_crazy_yiuf_cottage
D:3:      layout_rooms, yredelemnul_forgotten_temple_becter, uniq_jessica
D:4:      layout_basic, fedhas_altar_1, lightli_temple_of_fire,
          minmay_temple_entry_mini_moons, chequers_serial_rivers_room_a
D:5:      layout_cave_pools, kennysheep_little_box, general_overflow_altar,
          nicolae_overflow_hidden_temple, ashenzari_altar_1, serial_rivers,
          chequers_serial_rivers_large_a, chequers_serial_rivers_micro_b,
          chequers_serial_rivers_small_a, chequers_serial_rivers_micro_e,
          chequers_serial_rivers_small_b, chequers_serial_rivers_micro_d,
          lightli_corner_chamber
Temple:   cyrus_temple_forest

Skill      XL: |  1  2  3  4  5 |
---------------+----------------+-----
Stealth        | 5 6 7 9 10 | 10.9
Short Blades   | |  1.1
Dodging        | |  3.0
Spellcasting   | |  2.6
Hexes          | |  3.6

Action                   |  1- 3 |  4- 6 || total
-------------------------+-------+-------++-------
Melee: Dagger            |   133 |   143 ||   276
Throw: Stone             |     4 |     1 ||     5
 Cast: Ensorcelled Hiber |    18 |    55 ||    73
       Confusing Touch   |       |     7 ||     7
  Use: Potion            |     1 |       ||     1
 Stab: Sleeping          |    19 |    41 ||    60
       Distracted        |       |     1 ||     1
       Confused          |       |     5 ||     5
Armor: Robe              |     9 |    10 ||    19
Dodge: Dodged            |   102 |   115 ||   217
